 Dungeon Crawl Stone Soup version 0.24.0-123-gd5b16e6ec5 (webtiles) character file.

Game seed: 12014794253183583496, levelgen mode: deterministic

2905 Elellon the Cleaver (level 9, -21/78 HPs)
             Began as a Hill Orc Fighter on Jan 19, 2020.
             Was an Elder of Okawaru.
             Killed by the air
             ... invoked by Gastronok
              (43 damage)
             ... on level 8 of the Dungeon.
             The game lasted 00:12:14 (7049 turns).

Elellon the Cleaver (Hill Orc Fighter)              Turns: 7049, Time: 00:12:15

Health: -21/78     AC: 19    Str: 22    XL:     9   Next: 78%
Magic:  9/9        EV:  5    Int:  8    God:    Okawaru [****..]
Gold:   345        SH: 10    Dex: 12    Spells: 8/8 levels left

rFire    . . .     SeeInvis .   a - +0 war axe
rCold    . . .     Gourm    .   c - +0 shield
rNeg     . . .     Faith    .   t - +1 plate armour
rPois    .         Spirit   .   E - +0 helmet
rElec    .         Reflect  .   k - +0 cloak
rCorr    .         Harm     .   w - +1 pair of gloves
MR       .....                  (no boots)
Stlth    ..........             (no amulet)
HPRegen  0.23/turn              u - +2 ring of dexterity
MPRegen  0.11/turn              y - +1 ring of protection

@: no status effects
A: no striking features
a: Heroism, Renounce Religion


You were on level 8 of the Dungeon.
You worshipped Okawaru.
Okawaru was greatly pleased with you.
You were very hungry.

You visited 2 branches of the dungeon, and saw 9 of its levels.
You also visited: Ossuary.

You collected 345 gold pieces.

Inventory:

Hand Weapons
 a - a +0 war axe (weapon)
Armour
 c - a +0 shield (worn)
 k - a +0 cloak (worn)
 t - a +1 plate armour (worn)
 w - a +1 pair of gloves (worn)
 E - a +0 helmet (worn)
Jewellery
 u - a +2 ring of dexterity (left hand)
 y - a +1 ring of protection (right hand)
Wands
 A - a wand of flame (17)
 C - a wand of random effects (21)
Scrolls
 b - a scroll of immolation {unknown}
 h - 7 scrolls of remove curse
 n - a scroll of fog {unknown}
 p - 3 scrolls of teleportation
 q - a scroll of brand weapon {unknown}
 z - a scroll of fear
 B - 3 scrolls of enchant armour
 D - a scroll of enchant weapon {unknown}
Potions
 d - 2 potions of might
 e - 3 potions of heal wounds
 i - a potion of invisibility
 j - 5 potions of curing
 l - 2 potions of magic
 m - a potion of brilliance
 o - a potion of mutation
 r - 2 potions of lignification
 s - a potion of berserk rage
 v - 3 potions of flight
 x - 3 potions of haste
Comestibles
 f - 12 rations


   Skills:
 + Level 6.8 Fighting
 * Level 13.0 Axes
 + Level 6.2 Armour
 + Level 6.2 Shields


You had 8 spell levels left.
You didn't know any spells.
Your spell library was empty.

Dungeon Overview and Level Annotations

Branches:
Dungeon (8/15)             Temple (1/1) D:4         Ossuary (visited)
   Lair: D:8-11

Altars:
Ashenzari
Cheibriados
Dithmenos
Elyvilon
Gozag
Hepliaklqana
Kikubaaqudgha
Makhleb
Nemelex Xobeh
Okawaru
Qazlal
Ru
Sif Muna
Trog
Uskayaw
Vehumet
Wu Jian
Xom
Yredelemnul
Zin
The Shining One

Shops:
D:5 (

Annotations:
D:4 1 runed translucent door, nocturnal's ghost, novice HaWr
D:8 Gastronok


Message History

You hit Gastronok.
Gastronok is moderately wounded.
Gastronok bites you!!
* * * LOW HITPOINT WARNING * * *
You are too injured to fight recklessly!
You are too injured to fight recklessly!
You slash Gastronok!
Gastronok is heavily wounded.
You slash Gastronok!
Gastronok is heavily wounded.
Gastronok's mouth opens, radula flailing wildly.
Gastronok bites you but does no damage.
You hit Gastronok but do no damage.
Gastronok is heavily wounded.
You slash Gastronok!
Gastronok is heavily wounded.
Gastronok waves his eye-stalks in wide circles.
The air twists around and strikes you!!!
Ouch! That really hurt!
You die...

#...#############
#...##...##.....##
#................#
#................#
#................#
###'########..##.####
#........###..##.##.#
#........#..........#
#....@...#.^<.......+
#.....w..#..........#
#........#..........#
#........#....#.....#
###############.....#
#[††..# #.....#
#.....# #.....#


You could see Gastronok.

Vanquished Creatures
  Pikel (D:7)
  A sky beast (D:5)
  An ice beast (D:7)
  2 slaves (D:7)
  2 necrophages
  2 ogres
  A phantom (D:6)
  A centaur (D:7)
  A bullfrog (D:6)
  3 elf zombies (Ossuary)
  3 scorpions
  5 wights
  2 howler monkeys
  A centaur zombie (D:5)
  A crimson imp (D:7)
  A bullfrog zombie (D:5)
  A human zombie (Ossuary)
  2 hounds
  3 orc priests
  2 jellies
  8 orc wizards
  4 iguanas
  4 worker ants
  A big kobold zombie (Ossuary)
  2 mummies (Ossuary)
  A hound skeleton (D:6)
  A howler monkey skeleton (D:3)
  12 adders
  An ooze (D:4)
  2 adder zombies (Ossuary)
  4 worms
  4 dart slugs
  7 leopard geckos
  23 orcs
  A ball python (D:2)
  7 giant cockroaches
  8 goblins
  11 hobgoblins
  3 jackals (D:2)
  8 kobolds
  2 quokkas
  10 bats
  7 frilled lizards
  8 hobgoblin zombies (Ossuary)
  2 jackal zombies (Ossuary)
  6 kobold zombies (Ossuary)
  11 orc zombies (Ossuary)
  5 rats (D:2)
  3 rat zombies (Ossuary)
202 creatures vanquished.

Vanquished Creatures (others)
  An orc wizard (D:4)
1 creature vanquished.

Grand Total: 203 creatures vanquished

Notes
Turn   | Place    | Note
-------+----------+-------------------------------------------
     0 | D:1      | Elellon the Hill Orc Fighter began the quest for the Orb.
     0 | D:1      | Reached XP level 1. HP: 19/19 MP: 1/1
    56 | D:1      | Reached skill level 3 in Axes
    82 | D:1      | Reached XP level 2. HP: 26/26 MP: 2/2
   137 | D:1      | Reached skill level 4 in Axes
   324 | D:1      | Reached XP level 3. HP: 27/31 MP: 3/3
   729 | D:2      | Found a basalt altar of Yredelemnul.
   782 | D:2      | Reached skill level 5 in Axes
  1134 | D:2      | Reached XP level 4. HP: 39/39 MP: 4/4
  1319 | D:2      | Reached skill level 6 in Axes
  1903 | D:3      | Reached XP level 5. HP: 33/45 MP: 5/5
  2034 | D:3      | Reached skill level 7 in Axes
  2766 | D:3      | Found a hazy altar of Hepliaklqana.
  2897 | D:4      | Found a staircase to the Ecumenical Temple.
  2966 | Temple   | Entered the Ecumenical Temple
  3122 | Temple   | Became a worshipper of Warmaster Okawaru
  3150 | D:4      | Reached skill level 8 in Axes
  3159 | D:4      | Reached XP level 6. HP: 51/51 MP: 6/6
  3298 | D:4      | Reached skill level 9 in Axes
  3654 | D:4      | Noticed nocturnal's ghost (novice HaWr)
  3657 | D:4      | Found a runed translucent door.
  3669 | D:4      | Reached * piety under Okawaru
  3669 | D:4      | Reached XP level 7. HP: 57/57 MP: 7/7
  3874 | D:4      | Reached skill level 10 in Axes
  3992 | D:5      | Entered Level 5 of the Dungeon
  4112 | D:5      | Found Derydor's Weapon Emporium.
  4428 | D:5      | Reached XP level 8. HP: 41/67 MP: 8/8
  4538 | D:5      | Reached ** piety under Okawaru
  4723 | D:5      | Found a hide-covered altar of Uskayaw.
  4931 | D:6      | Reached skill level 11 in Axes
  5155 | D:6      | Found an ornate altar of the Wu Jian Council.
  5239 | D:6      | Found a shimmering altar of Xom.
  5360 | D:6      | Reached skill level 5 in Fighting
  5372 | D:6      | Found a radiant altar of Vehumet.
  5727 | D:7      | Found a sand-covered staircase.
  5736 | Ossuary  | Entered an ossuary
  5786 | Ossuary  | Reached skill level 5 in Shields
  5850 | Ossuary  | Reached skill level 5 in Armour
  5911 | Ossuary  | Reached XP level 9. HP: 72/75 MP: 9/9
  5925 | Ossuary  | Reached skill level 12 in Axes
  6118 | D:6      | Reached *** piety under Okawaru
  6270 | D:7      | Noticed Pikel
  6287 | D:7      | Killed Pikel
  6450 | D:7      | Reached **** piety under Okawaru
  6981 | D:8      | Reached skill level 13 in Axes
  7035 | D:8      | Noticed Gastronok
  7049 | D:8      | Killed from afar by Gastronok

Levels and vault maps discovered:
D:1:      lemuel_arrival_room, layout_basic, minmay_tromino_i2
D:2:      layout_basic, nicolae_overflow_crystal_walls, serial_bayou_lagoon_b
D:3:      layout_rooms, marbit_many_paths, first_ration
D:4:      layout_basic, minmay_temple_entry_statues,
          hellmonk_ghost_happy_afterlife
D:5:      layout_loops_ring, lemuel_coloured_pillars_altar, serial_shops, shop,
          chequers_decorated_corner
D:6:      layout_cave_pods, vehumet_altar_wand_db, kennysheep_little_box,
          basic_altar
D:7:      layout_basic, enter_ossuary_1, uniq_pikel
D:8:      layout_gridville, enter_bailey_3, uniq_gastronok
Temple:   nicolae_temple_elliptical

Skill      XL: |  1  2  3  4  5  6  7  8  9 |
---------------+----------------------------+-----
Axes           | 3 4 5 6 8 9 10 11 13 | 13.0
Fighting       | 4 5 6 |  6.8
Armour         | 4 5 6 |  6.2
Shields        | 4 5 6 |  6.2

Action                   |  1- 3 |  4- 6 |  7- 9 || total
-------------------------+-------+-------+-------++-------
Melee: War axe           |   106 |   213 |   375 ||   694
Invok: Heroism           |       |       |     1 ||     1
  Use: Potion            |       |     1 |       ||     1
       Scroll            |       |       |    16 ||    16
  Eat: Chunk             |     1 |     8 |     7 ||    16
       Ration            |       |       |     1 ||     1
Armor: Scale mail        |    51 |    30 |       ||    81
       Chain mail        |       |    72 |     6 ||    78
       Plate armour      |       |       |   180 ||   180
Dodge: Dodged            |    45 |    56 |    37 ||   138
Block: Shield            |    63 |    94 |   170 ||   327
